 Dungeon Crawl Stone Soup version 0.31.0-32-g396128a36d (webtiles) character file.

Game seed: 11689570402526481317

122 0gre the Chiller (level 5, -4/37 HPs)
             Began as a Gnoll Ice Elementalist on Apr 11, 2024.
             Shot with an arrow by a centaur (14 damage)
             ... on level 4 of the Dungeon.
             The game lasted 00:09:36 (2015 turns).

0gre the Chiller (Gnoll Ice Elementalist)           Turns: 2015, Time: 00:09:36

Health: -4/37      AC:  2    Str:  7    XL:     5   Next: 6%
Magic:  6/12       EV: 14    Int: 15    God:
Gold:   220        SH:  0    Dex: 14    Spells: 7/14 levels left

rFire   . . .        a - +0 flail
rCold   . . .        (no shield)
rNeg    + . .        e - +0 robe
rPois   .            (no helmet)
rElec   .            (no cloak)
rCorr   .            (no gloves)
SInv    .            (no boots)
Will    +....        (no amulet)
Stlth   +++          r - ring of willpower
HPRegen 0.26/turn    s - ring of positive energy
MPRegen 0.13/turn

%: no passive effects
@: freezing walls
A: fangs 1, strong nose, distributed training
a: no special abilities


You were on level 4 of the Dungeon.
You visited 1 branch of the dungeon, and saw 4 of its levels.

You collected 220 gold pieces.

Inventory:

Hand Weapons
 a - a +0 flail (weapon)
 c - a +0 spear
Missiles
 n - 8 boomerangs (quivered)
Armour
 e - a +0 robe (worn)
Jewellery
 r - a ring of willpower (left hand)
 s - a ring of positive energy (right hand)
Scrolls
 d - 5 scrolls of identify {unknown}
 f - 3 scrolls of enchant weapon {unknown}
 h - a scroll of blinking {unknown}
 k - a scroll of vulnerability {unknown}
 m - a scroll of fog {unknown}
 o - 2 scrolls of teleportation {unknown}
Potions
 b - a potion of magic
 g - a potion of brilliance {unknown}
 i - a potion of curing {unknown}
 j - a potion of attraction {unknown}
 l - 2 potions of heal wounds {unknown}
 p - 2 potions of degeneration {unknown}
 q - a potion of mutation {unknown}


   Skills:
 + Level 1.4 Fighting
 + Level 1.4 Short Blades
 + Level 1.4 Long Blades
 + Level 1.4 Axes
 + Level 1.4 Maces & Flails
 + Level 1.4 Polearms
 + Level 1.4 Staves
 + Level 1.4 Ranged Weapons
 + Level 1.4 Throwing
 + Level 1.4 Armour
 + Level 4.7 Dodging
 + Level 4.3 Stealth
 + Level 1.4 Shields
 + Level 1.4 Unarmed Combat
 + Level 5.1 Spellcasting
 + Level 1.1 Conjurations
 + Level 1.1 Hexes
 + Level 1.1 Summonings
 + Level 1.1 Necromancy
 + Level 1.1 Translocations
 + Level 1.1 Fire Magic
 + Level 7.2 Ice Magic
 + Level 1.1 Air Magic
 + Level 1.1 Earth Magic
 + Level 1.1 Alchemy
 + Level 1.5 Invocations
 + Level 1.4 Evocations
 + Level 1.2 Shapeshifting


You had 7 spell levels left.
You knew the following spells:

 Your Spells              Type           Power      Damage    Failure   Level
a - Freeze                Ice            100%       1d10      1%          1
b - Frozen Ramparts       Ice            50%        1d8       2%          3
c - Summon Ice Beast      Ice/Summ       16%        N/A       9%          3

Your spell library contained the following spells:

 Spells                   Type           Power      Damage    Failure   Level
 Ozocubu's Armour         Ice            25%        N/A       2%          3
 Tukima's Dance           Hex            7%         N/A       30%         3
 Dimensional Bullseye     Hex/Tloc       3%         N/A       69%         4
 Iskenderun's Mystic Bla  Conj/Tloc      7%         2d4       69%         4


Dungeon Overview and Level Annotations

Branches:
Dungeon (4/15)
 Temple: D:4-7

Altars:


Innate Abilities, Weirdness & Mutations

You have very sharp teeth.
Your uncanny sense of smell can sniff out nearby items.
Your experience applies equally to all skills.


Message History

The frozen ramparts melt away as you move.
Found 16 gold pieces.
l - 2 fuming amethyst potions (gained 1)
An ogre comes into view. It is wielding a +0 giant club.
A centaur comes into view.
You see here a book of Conjurations.
A sleepcap comes into view.
Found a sling.
Found a bubbling red potion.
Found a stone staircase leading up.
You see here a giant cockroach corpse.
Casting: Frozen Ramparts (dangerous; 2% risk of failure)
Confirm with . or Enter, or press ? or * to list all spells.
Casting: Frozen Ramparts (dangerous; 2% risk of failure)
Press: ? - help, Dir - look around, f - activate The walls around you are covered in ice.
Casting: Frozen Ramparts (dangerous; 2% risk of failure)
Confirm with . or Enter, or press ? or * to list all spells.
A chill wind blows around you.
The wall freezes the sleepcap.
You hit the sleepcap.
The sleepcap is moderately damaged.
The wall freezes the sleepcap.
The sleepcap misses you.
The wall freezes the ogre.
The wall freezes the sleepcap.
The sleepcap releases spores at you!
You are engulfed in a cloud of soporific spores!
You fall asleep.
The wall freezes the sleepcap.
The sleepcap releases spores at you but does no damage.
The wall freezes the ogre.
The ogre hits you with a +0 giant club!!
You wake up.
Ouch! That really hurt!
* * * LOW HITPOINT WARNING * * *
Your ice beast hits the ogre but does no damage.
The wall freezes the sleepcap but does no damage.
The sleepcap completely misses you.
You hit the sleepcap.
The sleepcap is almost destroyed.
The centaur wields a +0 orcbow.
The centaur shoots an arrow.
The arrow hits you!
You die...

#######........#
#.....#........##
#.....#.........
#.....#........# #
.#..............##..
.......#...........#
. #.....#Y.......#
..#.....O@.......#
..s.....f#.......#
.)#.....†##.....##
...##.##.........#
.........O.......#
#...........c<..#
#...f..........##
#..<..........##
#..............##


You could see an ogre, a sleepcap (ally target), a centaur, a scorpion (asleep)
and a friendly ice beast (summoned).

Vanquished Creatures
  An iguana (D:4)
  Terence (D:3)
  3 adders
  An orc (D:3)
  A bat (D:1)
  3 endoplasms
  4 giant cockroaches
  4 goblins
  6 hobgoblins
  7 jackals
  A quokka (D:1)
  2 frilled lizards (D:1)
  3 kobolds
  4 rats
41 creatures vanquished.

Notes
Turn   | Place    | Note
-------+----------+-------------------------------------------
     0 | D:1      | 0gre the Gnoll Ice Elementalist began the quest for the
                  | Orb.
     0 | D:1      | Reached XP level 1. HP: 13/13 MP: 6/6
   139 | D:1      | Reached XP level 2. HP: 19/19 MP: 7/7
   765 | D:2      | Reached skill level 5 in Spellcasting
   765 | D:2      | Reached XP level 3. HP: 25/25 MP: 7/9
   769 | D:2      | Learned a level 3 spell: Frozen Ramparts
   884 | D:2      | Found a faded altar of an unknown god.
  1018 | D:2      | Reached skill level 1 in Invocations
  1563 | D:3      | Reached skill level 1 in Fighting
  1563 | D:3      | Reached skill level 1 in Short Blades
  1563 | D:3      | Reached skill level 1 in Long Blades
  1563 | D:3      | Reached skill level 1 in Axes
  1563 | D:3      | Reached skill level 1 in Maces & Flails
  1563 | D:3      | Reached skill level 1 in Polearms
  1563 | D:3      | Reached skill level 1 in Staves
  1563 | D:3      | Reached skill level 1 in Ranged Weapons
  1563 | D:3      | Reached skill level 1 in Throwing
  1563 | D:3      | Reached skill level 1 in Armour
  1563 | D:3      | Reached skill level 1 in Shields
  1563 | D:3      | Reached skill level 1 in Unarmed Combat
  1563 | D:3      | Reached skill level 1 in Evocations
  1564 | D:3      | Noticed Terence
  1579 | D:3      | Killed Terence
  1580 | D:3      | Reached skill level 1 in Shapeshifting
  1580 | D:3      | Reached XP level 4. HP: 15/32 MP: 7/11
  1706 | D:3      | Reached skill level 1 in Conjurations
  1706 | D:3      | Reached skill level 1 in Hexes
  1706 | D:3      | Reached skill level 1 in Summonings
  1706 | D:3      | Reached skill level 1 in Necromancy
  1706 | D:3      | Reached skill level 1 in Translocations
  1706 | D:3      | Reached skill level 1 in Fire Magic
  1706 | D:3      | Reached skill level 1 in Air Magic
  1706 | D:3      | Reached skill level 1 in Earth Magic
  1706 | D:3      | Reached skill level 1 in Alchemy
  1931 | D:3      | Learned a level 3 spell: Summon Ice Beast
  1977 | D:4      | Noticed a scorpion
  1984 | D:4      | Reached XP level 5. HP: 33/37 MP: 8/12
  1992 | D:4      | Noticed an ogre
  1993 | D:4      | Noticed a centaur
  2015 | D:4      | Shot with an arrow by a centaur

Illustrated notes

Levels and vault maps discovered:
D:1:      minmay_arrival_hallway, layout_basic
D:2:      layout_basic, dreamdust_ecumenical_altar_angels_and_demons,
          kennysheep_cross_bottleneck
D:3:      layout_rooms, uniq_terence
D:4:      layout_rooms, mainiacjoe_overflow_small_starburst,
          nicolae_ru_great_annihilating_truth, serial_shops,
          nicolae_shop_real_fake_doors

Skill      XL: |  1  2  3  4 |
---------------+-------------+-----
Spellcasting   | 5 |  5.1
Invocations    | 1 |  1.5
Fighting       | 1 |  1.4
Short Blades   | 1 |  1.4
Long Blades    | 1 |  1.4
Axes           | 1 |  1.4
Maces & Flails | 1 |  1.4
Polearms       | 1 |  1.4
Staves         | 1 |  1.4
Ranged Weapons | 1 |  1.4
Throwing       | 1 |  1.4
Armour         | 1 |  1.4
Shields        | 1 |  1.4
Unarmed Combat | 1 |  1.4
Evocations     | 1 |  1.4
Shapeshifting  | 1 |  1.2
Conjurations   | 1 |  1.1
Hexes          | 1 |  1.1
Summonings     | 1 |  1.1
Necromancy     | 1 |  1.1
Translocations | 1 |  1.1
Fire Magic     | 1 |  1.1
Air Magic      | 1 |  1.1
Earth Magic    | 1 |  1.1
Alchemy        | 1 |  1.1
Dodging        | |  4.7
Stealth        | |  4.3
Ice Magic      | |  7.2

Action                     |  1- 3 |  4- 6 || total
---------------------------+-------+-------++-------
  Melee: Dagger            |     5 |       ||     5
         Short sword       |    77 |       ||    77
         Bite              |     5 |     2 ||     7
         Punch             |     3 |       ||     3
         Flail             |       |    16 ||    16
  Throw: Boomerang         |     6 |    10 ||    16
   Cast: Freeze            |    12 |       ||    12
         Frozen Ramparts   |     1 |     4 ||     5
         Summon Ice Beast  |       |     1 ||     1
   Stab: Sleeping          |     7 |     1 ||     8
 Armour: Robe              |    32 |     6 ||    38
  Dodge: Dodged            |    49 |    12 ||    61
